 Dungeon Crawl Stone Soup version 0.30-a0-782-ge64f9170bb (webtiles) character file.

Game seed: 6687617900059486684

10 KleinerIrrer the Chiller (level 2, -3/19 HPs)
             Began as a Demonspawn Ice Elementalist on Feb 22, 2023.
             Slain by a gnoll
             ... wielding a +0 whip
              (7 damage)
             ... on level 1 of the Dungeon.
             The game lasted 00:01:10 (570 turns).

KleinerIrrer the Chiller (DsIE)                      Turns: 570, Time: 00:01:10

Health: -3/19      AC:  3    Str:  8    XL:     2   Next: 10%
Magic:  4/5        EV: 12    Int: 16    God:
Gold:   25         SH:  0    Dex: 13    Spells: 2/5 levels left

rFire   . . .      SeeInvis .    f - +0 club
rCold   . . .      Faith    .    (no shield)
rNeg    . . .      Spirit   .    a - +0 robe
rPois   .          Reflect  .    (no helmet)
rElec   .          Harm     .    (no cloak)
rCorr   .          Rampage  .    (no gloves)
Will    .....                    d - +0 pair of boots
Stlth   ++                       (no amulet)
HPRegen 0.23/turn                (no ring)
MPRegen 0.18/turn                (no ring)

@: no status effects
A: magic regeneration
a: no special abilities


You were on level 1 of the Dungeon.
You visited 1 branch of the dungeon, and saw 1 of its levels.

You collected 25 gold pieces.

Inventory:

Hand Weapons
 f - a +0 club (weapon)
Missiles
 g - 3 poisoned darts
Armour
 a - a +0 robe (worn)
 d - a +0 pair of boots (worn)
Scrolls
 c - a scroll of vulnerability {unknown}
 e - a scroll of blinking {unknown}
 i - 2 scrolls of poison {unknown}
Potions
 h - 2 potions of mutation {unknown}


   Skills:
 - Level 1.7 Dodging
 - Level 1.7 Stealth
 + Level 2.2 Spellcasting
 * Level 3.9 Ice Magic


You had 2 spell levels left.
You knew the following spells:

 Your Spells              Type           Power      Damage    Failure   Level
a - Freeze                Ice            56%        1d7       4%          1
b - Ensorcelled Hibernat  Hex/Ice        16%        N/A       14%         2

Your spell library contained the following spells:

 Spells                   Type           Power      Damage    Failure   Level
 Frozen Ramparts          Ice            28%        1d5       12%         3
 Ozocubu's Armour         Ice            14%        N/A       12%         3
 Spider Form              Tmut/Pois      1%         N/A       52%         3
 Summon Ice Beast         Ice/Summ       8%         N/A       65%         4
 Anguish                  Hex/Necr       0%         N/A       90%         4


Dungeon Overview and Level Annotations

Branches:
Dungeon (1/15)

Altars:


Innate Abilities, Weirdness & Mutations

You regenerate magic rapidly.


Message History

Confirm with . or Enter, or press ? or * to list all spells.
Aiming: Ensorcelled Hibernation (safe; 14% risk of failure)
Press: ? - help, Shift-Dir - straight line, f/p - kobold
Aim: a kobold, wielding a +2 short sword of speed (chance to affect: 59%)
The kobold looks drowsy...
The gnoll shouts!
The helpless kobold fails to defend itself.
You hit the kobold.
The kobold is severely wounded.
The kobold hits you with a +2 short sword of speed.
The kobold misses you.
You closely miss the kobold.
The kobold is severely wounded.
The kobold hits you but does no damage.
The kobold hits you with a +2 short sword of speed.
You hit the kobold but do no damage.
The kobold is severely wounded.
The kobold hits you with a +2 short sword of speed. x2
* * * LOW HITPOINT WARNING * * *
The kobold hits you with a +2 short sword of speed.
* * * LOW HITPOINT WARNING * * *
You see here a ball python corpse.
Okay, then.
Casting: Ensorcelled Hibernation (safe; 14% risk of failure)
Confirm with . or Enter, or press ? or * to list all spells.
Aiming: Freeze (safe; 4% risk of failure)
Press: ? - help, Shift-Dir - straight line, f/p - kobold
Aim: a kobold, wielding a +2 short sword of speed (moderately wounded)
You freeze the kobold.
You kill the kobold!
Magic courses through your body. The gnoll misses you.
Casting: Freeze (safe; 4% risk of failure)
Confirm with . or Enter, or press ? or * to list all spells.
Aiming: Freeze (safe; 4% risk of failure)
Press: ? - help, Shift-Dir - straight line, f - gnoll
Aim: a gnoll, wielding a +0 whip You freeze the gnoll.
The gnoll is heavily wounded.
The gnoll hits you with a +0 whip!
You die...

.......# ..#. #.# ......##
#.#. #.# ..(......
....###.##########
......### ##
#.##.............. ......#
. #.##..........†...
......#
#.#.##..............
........ #
#.#.##..............
......##
#.#...................
......#
#.###@##...........[..
##.##...)g#####+#.........
.K......?.....# ^.........
............$.###.........
................#.........
................#.........
................#
..............###
..$...........#


You could see a gnoll.

Vanquished Creatures
  3 ball pythons (D:1)
  A bat (D:1)
  A goblin (D:1)
  A hobgoblin (D:1)
  2 frilled lizards (D:1)
  A kobold (D:1)
  A rat (D:1)
10 creatures vanquished.

Notes
Turn   | Place    | Note
-------+----------+-------------------------------------------
     0 | D:1      | KleinerIrrer the Demonspawn Ice Elementalist began the
                  | quest for the Orb.
     0 | D:1      | Reached XP level 1. HP: 13/13 MP: 3/3
   493 | D:1      | Gained mutation: You regenerate magic rapidly. [demonic
                  | ancestry]
   493 | D:1      | Reached XP level 2. HP: 19/19 MP: 1/5
   528 | D:1      | Learned a level 2 spell: Ensorcelled Hibernation
   570 | D:1      | Slain by a gnoll

Illustrated notes

Levels and vault maps discovered:
D:1:      amcnicky_arrival_feature_with_door, layout_basic, serial_shops, shop,
          minmay_box_of_dots

Action                     || total
---------------------------++-------
  Melee: Unarmed           ||     5
         Club              ||     4
   Cast: Freeze            ||    11
         Ensorcelled Hiber ||     4
    Use: Potion            ||     1
   Stab: Sleeping          ||     2
 Armour: Robe              ||     5
  Dodge: Dodged            ||    12

Table legend: (Time is in decaauts)
 A = Elapsed time spent in this place.
 B = Non-inter-level travel time spent in this place.
 C = Inter-level travel time spent in this place.
 D = Time resting spent in this place.
 E = Time spent auto-exploring this place.
 F = Levels seen in this place.
 G = Mean time per level.
                   A        B        C        D        E       F      G
               +--------+--------+--------+--------+--------+-----+--------+
         Total |    570 |    544 |     26 |      0 |    455 |   1 |  570.0 |
       Dungeon |    570 |    544 |     26 |      0 |    455 |   1 |  570.0 |
               +--------+--------+--------+--------+--------+-----+--------+

Top non-repeatable levels by time:
     D:1: 570 daAuts
